 Dungeon Crawl Stone Soup version 0.31-a0-1163-gcee99d1eea (webtiles) character file.

Game seed: 8267466761100333373

2208 drugrobin the Insei (level 8, -3/38 HPs)
             Began as a Demigod Delver on Dec 9, 2023.
             Slain by an orc warrior
             ... wielding a +0 long sword
              (12 damage)
             ... on level 7 of the Dungeon.
             The game lasted 00:32:13 (9503 turns).

drugrobin the Insei (Demigod Delver)                Turns: 9503, Time: 00:32:14

Health: -3/38      AC:  4    Str: 13    XL:     8   Next: 89%
Magic:  19/19      EV: 12    Int: 15    God:
Gold:   273        SH:  0    Dex: 23    Spells: 3/7 levels left

rFire   . . .        c - +3 short sword (venom)
rCold   . . .        (no shield)
rNeg    . . .        o - melded +2 ring mail {rC+}
rPois   .            P - +2 helmet {Int+3}
rElec   .            B - +0 cloak
rCorr   .            (no gloves)
SInv    .            (no boots)
Will    .....        r - amulet of magic regeneration
Stlth   +++          v - ring of magical power
HPRegen 0.26/turn    I - ring of flight
MPRegen 0.56/turn

%: no passive effects
@: maw-form, flying
A: devouring maw, reduced hp, high MP 1, forlorn, divine attributes
a: Begin Untransformation


You were on level 7 of the Dungeon.
You were a creature with a mouth for a stomach.
You visited 1 branch of the dungeon, and saw 7 of its levels.
You also visited: Sewer.

You collected 371 gold pieces.
You spent 98 gold pieces at shops.

Inventory:

Hand Weapons
 b - a +2 shortbow of freezing
 c - a +3 short sword of venom (weapon)
 d - a +0 heavy shortbow
Missiles
 w - 18 poisoned darts (quivered)
 C - 2 curare-tipped darts
 J - a throwing net
Armour
 o - a +2 ring mail of cold resistance (melded)
 B - a +0 cloak (worn)
 D - a +0 robe of poison resistance
 P - a +2 helmet of intelligence (worn)
Jewellery
 r - an amulet of magic regeneration (around neck)
 v - a ring of magical power (left hand)
 I - a ring of flight (right hand)
Talismans
 a - a maw talisman (active)
 k - a serpent talisman
Wands
 f - a wand of digging (3)
 j - a wand of paralysis (2)
 E - a wand of mindburst (35)
 K - a wand of iceblast (29)
Scrolls
 e - 2 scrolls of enchant weapon {unknown}
 g - 3 scrolls of noise {unknown}
 h - 2 scrolls of fog
 i - a scroll of identify
 l - 3 scrolls of blinking
 m - 3 scrolls of teleportation {unknown}
 u - 2 scrolls of revelation
 x - 3 scrolls of enchant armour {unknown}
 y - a scroll of poison
 H - a scroll of torment
 L - a scroll of immolation
 M - a scroll of acquirement
 N - a scroll of fear
Potions
 n - 4 potions of brilliance {unknown}
 p - 2 potions of heal wounds
 s - 2 potions of curing {unknown}
 t - 3 potions of mutation {unknown}
 z - a potion of attraction {unknown}
 A - a potion of might {unknown}
 F - a potion of cancellation {unknown}
 G - a potion of haste
 O - a potion of degeneration {unknown}


   Skills:
 - Level 2.6 Fighting
 - Level 1.7 Dodging
 - Level 4.5 Stealth
 + Level 7.7 Unarmed Combat
 - Level 4.0 Evocations
 * Level 6.2 Shapeshifting


You had 3 spell levels left.
You knew the following spells:

 Your Spells              Type           Power      Damage    Failure   Level
a - Magic Dart            Conj           0%         1d3       26%         1
b - Summon Small Mammal   Summ           0%         N/A       26%         1
c - Wereblood             Tmut           0%         N/A       38%         2

Your spell library contained the following spells:

 Spells                   Type           Power      Damage    Failure   Level
 Apportation              Tloc           0%         N/A       26%         1
 Necrotise                Necr           0%         1d4       26%         1
 Call Imp                 Summ           0%         N/A       38%         2
 Cigotuvi's Dreadful Rot  Necr/Pois/Air  0%         N/A       38%         2
 Ignite Poison            Fire/Tmut/Pois 0%         N/A       63%         3
 Mephitic Cloud           Conj/Pois/Air  0%         N/A       63%         3
 Ozocubu's Armour         Ice            0%         N/A       63%         3
 Freezing Cloud           Conj/Ice/Air   0%         6-21      100%        5
 Irradiate                Conj/Tmut      0%         3d11      100%        5
 Metabolic Englaciation   Hex/Ice        0%         N/A       100%        5
 Simulacrum               Ice/Necr       0%         N/A       100%        6
 Ozocubu's Refrigeration  Ice            0%         4d7       100%        7


Dungeon Overview and Level Annotations

Branches:
Dungeon (7/15)             Temple (0/1) D:5           Sewer (visited)

Shops:
D:4 [*


Innate Abilities, Weirdness & Mutations

You are a creature with a mouth for a stomach.
Your midsection houses a second, enormous mouth.
Your maximum health is decreased, since you lack skill for your form.
You have an increased reservoir of magic. (+10% MP)
You shall have no god before yourself.
Your divine heritage dramatically boosts your attributes as you level up.


Message History

The orc warrior throws a stone.
The stone barely misses you.
Unknown command.
Fire: b) +2 shortbow (freeze)
Press: ? - help, Q - select action, (/) - cycle Shift-Dir - straight line, f/p - orc warrior
Aim: an orc warrior, wielding a +0 long sword, wearing a +0 chain mail and quivering stones (moderately wounded, 63% to hit)
You shoot an arrow. The arrow hits the orc warrior.
The arrow freezes the orc warrior.
The orc warrior is moderately wounded.
The orc warrior throws a stone.
The stone hits you.
Unknown command.
Unknown command.
Your +2 shortbow of freezing stops glowing.
Your +3 short sword of venom begins to drip with poison!
c - a +3 short sword of venom (weapon)
You closely miss the orc warrior. Your bite misses the orc warrior.
The orc warrior is moderately wounded.
The orc warrior barely misses you.
You hit the orc warrior but do no damage.
Your bite misses the orc warrior.
The orc warrior is moderately wounded.
The orc warrior hits you with a +0 long sword!
You closely miss the orc warrior.
You bite the orc warrior, but do no damage.
The orc warrior is moderately wounded.
The orc warrior hits you with a +0 long sword!
* * * LOW HITPOINT WARNING * * *
Unknown command.
Unknown command.
Aiming: Paralyse
Press: ? - help, Shift-Dir - straight line, f/p - orc warrior
Aim: an orc warrior, wielding a +0 long sword, wearing a +0 chain mail and quivering stones (moderately wounded, chance to affect: 59%)
The orc warrior resists with significant effort.
The orc warrior closely misses you.
Unknown command.
Aiming: Paralyse
Press: ? - help, Shift-Dir - straight line, f/p - orc warrior
Aim: an orc warrior, wielding a +0 long sword, wearing a +0 chain mail and quivering stones (moderately wounded, chance to affect: 59%)
The orc warrior resists with significant effort.
The orc warrior hits you with a +0 long sword!
You die...

#..........# #......
####.......####.####
#..........###
###........8.#
#............#
#.>.###...#### #...#
#.⌠.# #########...# ##
#...Woo.#...# . .#
#.######....# .. .#
####.######.#..###.#
.#
#....>).......)....#
##
#.##.######..........#
# #.##.# #....#######
#.##.######.#.##
#.##........#.#
#.###########.#


You could see an orc warrior and an orc.

Vanquished Creatures
  A steam dragon (D:7)
  2 water moccasins (D:7)
  An orc warrior (D:6)
  2 centaurs (D:7)
  An ogre (D:5)
  3 phantoms
  A kobold brigand (D:7)
  3 bullfrogs
  A gnoll sergeant (D:5)
  A scorpion (D:5)
  A howler monkey (D:5)
  2 hounds (D:6)
  A jelly (D:3)
  7 orc priests
  A sleepcap (D:6)
  3 iguanas
  5 orc wizards
  4 gnolls (D:5)
  15 adders
  A white imp (D:5)
  A worm (D:2)
  3 dart slugs
  33 orcs
  4 bats
  6 endoplasms
  12 giant cockroaches
  3 goblins
  9 hobgoblins
  2 jackals (D:2)
  7 quokkas
  7 ball pythons
  12 frilled lizards
  16 kobolds
  4 rats
175 creatures vanquished.

Notes
Turn   | Place    | Note
-------+----------+-------------------------------------------
     0 | D:5      | drugrobin the Demigod Delver began the quest for the Orb.
     0 | D:5      | Reached XP level 1. HP: 18/18 MP: 3/3
    45 | D:4      | Found a glowing drain.
    62 | D:4      | Noticed an iguana
   110 | D:4      | Reached skill level 2 in Unarmed Combat
   145 | D:4      | Found Lytib's Antique Armour Shop.
   237 | D:4      | Noticed an iguana
   329 | D:5      | Noticed a phantom
   374 | D:5      | Noticed an ogre
   453 | Sewer    | Entered a sewer
   475 | Sewer    | Reached XP level 2. HP: 10/25 MP: 4/4
   478 | Sewer    | Reached skill level 3 in Unarmed Combat
   611 | Sewer    | Reached XP level 3. HP: 30/30 MP: 5/5
   786 | Sewer    | Noticed a bullfrog
   961 | Sewer    | Noticed a bullfrog
  1023 | Sewer    | Killed a bullfrog
  1024 | Sewer    | Reached skill level 4 in Unarmed Combat
  1024 | Sewer    | Reached XP level 4. HP: 25/37 MP: 6/6
  1121 | Sewer    | Killed a bullfrog
  1122 | Sewer    | Reached skill level 5 in Unarmed Combat
  1122 | Sewer    | Reached XP level 5. HP: 42/42 MP: 7/7
  2910 | D:2      | Reached skill level 1 in Shapeshifting
  3197 | D:2      | Learned a level 1 spell: Summon Small Mammal
  3396 | D:2      | Reached XP level 6. HP: 50/50 MP: 8/8
  3739 | D:3      | Reached skill level 6 in Unarmed Combat
  3902 | D:3      | Learned a level 1 spell: Magic Dart
  4524 | D:4      | Found Yxeidula's Serpentskin Sales.
  4529 | D:4      | Bought 2 curare-tipped darts for 33 gold pieces
  4529 | D:4      | Bought a +0 robe of poison resistance for 65 gold pieces
  5438 | D:5      | Learned a level 2 spell: Wereblood
  5487 | D:5      | Found a staircase to the Ecumenical Temple.
  5724 | D:5      | Reached XP level 7. HP: 56/56 MP: 9/9
  5805 | D:5      | Reached skill level 1 in Evocations
  6943 | D:6      | Reached skill level 7 in Unarmed Combat
  6943 | D:6      | Reached XP level 8. HP: 33/62 MP: 10/10
  7490 | D:6      | Reached skill level 5 in Shapeshifting
  7518 | D:6      | Noticed an angel
  7519 | D:6      | Noticed an Executioner
  9233 | D:7      | Identified a scroll of acquirement
  9503 | D:7      | Slain by an orc warrior

Illustrated notes

Levels and vault maps discovered:
D:1:      lightli_arrival_isolated_outpost, layout_basic,
          basic_ecumenical_altar, kennysheep_decorative_pillar
D:2:      minmay_razor_zed, layout_basic
D:3:      layout_loops_ring
D:4:      layout_basic, chequers_temple_overflow_minitemple, serial_shops, shop,
          gup_sewer_entry_glass, guppyfry_shop_venom
D:5:      layout_loops_ring, temple_green
D:6:      layout_layer_cave, grunt_temple_overflow_order_and_chaos_2
D:7:      layout_loops_corners, tgw_fedhas, nicolae_elevator_lobby_asterisk

Skill      XL: |  1  2  3  4  5  6  7  8 |
---------------+-------------------------+-----
Unarmed Combat | 2 3 4 5 6 7 |  7.7
Shapeshifting  | 1 2 4 6 |  6.2
Evocations     | 2 4 |  4.0
Fighting       | |  2.6
Dodging        | |  1.7
Stealth        | |  4.5

Action                     |  1- 3 |  4- 6 |  7- 9 || total
---------------------------+-------+-------+-------++-------
  Melee: Unarmed           |    66 |   238 |   173 ||   477
         Punch             |     1 |    12 |     8 ||    21
         Dagger            |       |    15 |       ||    15
         Constrict         |       |       |     4 ||     4
         Short sword       |       |       |    28 ||    28
         Maw               |       |       |     2 ||     2
   Fire: Shortbow          |    52 |    52 |    68 ||   172
  Throw: Dart              |       |       |     1 ||     1
   Cast: Magic Dart        |       |     3 |     7 ||    10
         Summon Small Mamm |       |     2 |    13 ||    15
  Evoke: Wand              |       |     1 |     5 ||     6
    Use: Potion            |     2 |       |       ||     2
         Scroll            |     1 |     2 |     2 ||     5
   Stab: Paralysed         |       |     3 |       ||     3
         Sleeping          |       |     9 |     2 ||    11
         Distracted        |       |     1 |       ||     1
 Armour: Leather armour    |    41 |     1 |       ||    42
         Ring mail         |       |   138 |   125 ||   263
         Skin              |       |       |    19 ||    19
  Dodge: Dodged            |    43 |   126 |    96 ||   265
   Form: Serpent           |     1 |       |     4 ||     5
                           |     1 |       |     3 ||     4
         Maw               |       |       |     2 ||     2

Table legend: (Time is in decaauts)
 A = Elapsed time spent in this place.
 B = Non-inter-level travel time spent in this place.
 C = Inter-level travel time spent in this place.
 D = Time resting spent in this place.
 E = Time spent auto-exploring this place.
 F = Levels seen in this place.
 G = Mean time per level.
                   A        B        C        D        E       F      G
               +--------+--------+--------+--------+--------+-----+--------+
         Total |   9583 |   9236 |    347 |   1186 |   5319 |   8 | 1197.9 |
       Dungeon |   8652 |   8305 |    347 |    962 |   5100 |   7 | 1236.0 |
         Sewer |    931 |    931 |      0 |    224 |    219 |   1 |  931.0 |
               +--------+--------+--------+--------+--------+-----+--------+

Top non-repeatable levels by time:
     D:6: 1681 daAuts
     D:7: 1356 daAuts
     D:2: 1330 daAuts
     D:4: 1309 daAuts
     D:5: 1120 daAuts
     D:1: 960 daAuts
   Sewer: 931 daAuts
     D:3: 894 daAuts
